Map: Dusk Towers

Players

IamDrizzt

  • Race: Zerg Zerg
  • League: Master

Smile - Winner!

  • Race: Terran Terran
  • League: Grandmaster

VOD

Have the link to the VOD?

Description

pfffffth

Time

  • Played on: Dec. 29, 2015, 4:16 a.m.
  • Length: 12:46
Show
View Real Time Build Order
Export as new Build Order

IamDrizzt Zerg 

Build Orders: Hatch First, Muta Ling Bane 

Get SALT Encoding   

  12  0:01  Drone  
  13  0:12  Overlord  
  13  0:19  Drone  
  14  0:30  Drone  
  14  0:31  Drone  
  14  0:34  Drone  
  17  0:53  Hatchery  
  17  0:56  Drone  
  17  0:58  Drone  
  18  1:12  Spawning Pool  
  18  1:16  Drone  
  18  1:20  Drone  
  18  1:24  Extractor  
  18  1:27  Drone  
  19  1:39  Overlord  
  19  1:59  Zergling x2  
  19  2:01  Queen, Zergling x2  
  21  2:05  Queen  
  21  2:06  Drone  
  26  2:11  Drone  
  27  2:17  Zergling x2  
  28  2:28  Drone x2  
  30  2:32  Metabolic Boost  
  30  2:37  Overlord, Queen  
  30  2:40  Extractor  
  32  2:46  Queen  
  34  2:53  Overlord, Drone  
  34  2:57  Drone x2  
  37  3:05  Drone x2  
  39  3:14  Overlord  
  39  3:15  Spore Crawler  
  39  3:16  Drone  
  40  3:20  Drone  
  40  3:21  Drone x3  
  40  3:23  Drone  
  45  3:38  Hatchery, Drone  
  45  3:39  Drone  
  46  3:42  Drone x2  
  46  3:45  Drone  
  46  3:47  Extractor  
  48  3:51  Drone  
  48  3:54  Drone x2  
  48  3:55  Drone  
  52  3:57  Drone x2  
  53  4:10  Roach Warren  
  53  4:13  Overlord  
  53  4:14  Drone x3  
  55  4:17  Drone  
  55  4:20  Evolution Chamber  
  55  4:21  Evolution Chamber  
  54  4:25  Overlord  
  54  4:26  Drone x2  
  54  4:27  Drone  
  57  4:33  Overlord, Drone  
  57  4:34  Drone  
  57  4:36  Drone  
  60  4:41  Baneling Nest  
  59  4:46  Extractor  
  59  4:47  Zerg Melee Weapons Level 1  
  59  4:57  Queen  
  59  4:59  Drone  
  64  5:00  Drone x8  
  64  5:03  Spore Crawler  
  68  5:12  Drone  
  68  5:13  Drone x4  
  73  5:15  Drone  
  73  5:20  Spore Crawler, Zerg Ground Armor Level 1  
  73  5:23  Baneling Nest  
  73  5:26  Drone x2  
  71  5:35  Drone x5  
  70  5:50  Lair  
  70  5:54  Drone x4  
  70  5:55  Drone x3  
  70  5:56  Drone x2  
  79  6:01  Spore Crawler x2  
  77  6:08  Extractor  
  77  6:09  Hatchery  
  77  6:10  Drone x2, Extractor  
  76  6:13  Extractor  
  76  6:14  Zergling x6  
  76  6:17  Overlord  
  78  6:26  Drone x2  
  78  6:27  Spore Crawler  
  68  6:44  Hatchery, Overlord  
  65  7:04  Overlord  
  65  7:07  Spire  
  64  7:09  Zerg Melee Weapons Level 2  
  64  7:18  Zergling x2  
  64  7:19  Baneling x2, Centrifical Hooks, Zergling x26  
  64  7:20  Baneling x3  
  64  7:21  Zergling x4  
  79  7:26  Drone x2  
  79  7:27  Drone  
  82  7:31  Zergling x4  
  81  7:41  Drone x2  
  81  7:42  Drone  
  77  7:45  Drone x2  
  77  7:46  Drone  
  77  7:49  Zerg Ground Armor Level 2  
  77  7:51  Drone  
  80  8:09  Spore Crawler  
  80  8:10  Spine Crawler  
  78  8:18  Mutalisk  
  78  8:19  Mutalisk x5  
  90  8:23  Drone  
  90  8:24  Drone  
  90  8:25  Drone  
  93  8:27  Drone  
  93  8:29  Drone  
  92  8:35  Drone x2  
  92  8:36  Drone  
  92  8:41  Drone x2  
  97  8:50  Drone x3  
  97  8:52  Drone  
  97  8:53  Drone  
  102  9:04  Drone x3  
  102  9:05  Drone x2  
  102  9:08  Drone  
  102  9:09  Drone x4  
  109  9:16  Zergling x2  
  113  9:17  Zergling x8  
  113  9:19  Zergling x2  
  113  9:20  Zergling x2  
  113  9:21  Zergling x2  
  113  9:22  Zergling x2  
  118  9:33  Zergling x2  
  118  9:34  Pneumatized Carapace, Overseer x2  
  118  9:36  Baneling x11  
  118  9:37  Baneling x5  
  119  9:38  Zergling x2  
  119  9:40  Zergling x2  
  119  9:41  Zergling x2  
  119  9:44  Zergling x6  
  125  9:59  Zergling x6  
  115  10:00  Zergling x22  
  115  10:01  Zergling x4  
  115  10:04  Zergling x4  
  113  10:11  Zergling x2  
  113  10:12  Zergling x8  
  118  10:14  Baneling  
  118  10:15  Baneling x12  
  118  10:16  Baneling  
  112  10:25  Zergling x2  
  112  10:26  Zergling x16  
  114  10:32  Corruptor x2  
  114  10:35  Zergling x2  
  115  10:39  Zergling x12  
  115  10:42  Zergling x2  
  115  10:44  Corruptor, Zergling x2  
  111  10:53  Overlord x2  
  110  10:57  Infestation Pit  
  110  10:59  Corruptor  
  110  11:01  Overlord x2  
  110  11:03  Baneling x5  
  110  11:04  Baneling x6  
  108  11:11  Drone x2, Spine Crawler, Extractor x2  
  107  11:13  Spine Crawler  
  91  11:34  Zergling x38  
  91  11:35  Zergling x2  
  91  11:38  Zergling x4  
  91  11:39  Zergling x2  
  108  11:41  Zergling x2  
  108  11:44  Zergling x6  
  108  11:47  Zergling x4  
  106  11:58  Zergling x14  
  106  11:59  Zergling x2  
  106  12:00  Zergling x2  
  106  12:04  Zergling x2  
  100  12:13  Drone  
  100  12:14  Drone x4  
  105  12:21  Baneling x17  
  105  12:22  Overseer  
  105  12:28  Zergling x10  
Show
View Real Time Build Order
Export as new Build Order

Smile Terran - Winner!

Build Orders: Liberator Opening, Reaper Expand, MMM Bio 

Get SALT Encoding   

  12  0:01  SCV  
  13  0:13  SCV  
  14  0:18  Supply Depot  
  14  0:25  SCV  
  15  0:40  SCV  
  15  0:41  Barracks  
  16  0:46  Refinery  
  16  0:52  SCV  
  18  1:04  SCV  
  18  1:16  SCV  
  19  1:33  Reaper  
  19  1:35  Orbital Command  
  20  1:42  Command Center  
  20  1:54  Supply Depot  
  20  2:01  SCV  
  20  2:05  Refinery  
  21  2:11  Marine  
  21  2:14  Factory  
  22  2:17  SCV  
  23  2:29  SCV, Barracks Reactor  
  24  2:41  SCV  
  25  2:53  SCV  
  25  2:54  Orbital Command  
  25  2:56  Refinery  
  26  3:00  Starport  
  26  3:01  Widow Mine  
  26  3:05  SCV  
  29  3:08  Marine x2  
  31  3:17  SCV  
  32  3:21  SCV  
  33  3:27  Marine x2  
  33  3:29  SCV  
  36  3:35  SCV  
  36  3:38  Starport Tech Lab  
  37  3:44  Liberator  
  37  3:45  Factory Tech Lab  
  37  3:46  Fusion Core  
  37  3:48  Command Center  
  37  3:50  SCV  
  37  3:52  SCV  
  39  3:59  Marine x2  
  44  4:05  SCV  
  45  4:10  SCV  
  46  4:18  Supply Depot  
  46  4:26  SCV x2, Siege Tank, Marine x2  
  53  4:33  Advanced Ballistics  
  53  4:37  Supply Depot  
  53  4:38  SCV, Liberator  
  54  4:41  SCV  
  54  4:43  Marine x2  
  57  4:50  SCV  
  58  4:53  SCV  
  61  5:00  Orbital Command  
  61  5:01  Marine  
  61  5:02  SCV  
  63  5:08  SCV, Siege Tank  
  67  5:17  Marine  
  67  5:19  SCV  
  67  5:21  SCV, Refinery  
  70  5:22  Liberator  
  70  5:28  Engineering Bay  
  70  5:29  SCV  
  70  5:30  Engineering Bay  
  70  5:33  SCV  
  72  5:40  Orbital Command  
  75  5:47  Barracks  
  75  5:48  Factory Reactor  
  75  5:50  Barracks  
  75  5:51  SCV  
  75  5:54  SCV  
  77  5:57  Marine  
  77  6:03  SCV  
  79  6:06  SCV  
  79  6:07  SCV  
  81  6:15  SCV  
  81  6:18  SCV, Liberator  
  83  6:19  SCV  
  84  6:28  SCV  
  85  6:35  SCV x2  
  85  6:36  Stimpack  
  90  6:40  SCV  
  90  6:41  Terran Infantry Weapons Level 1, Terran Infantry Armor Level 1, Barracks  
  90  6:42  Barracks  
  90  6:43  Factory Reactor  
  90  6:44  Refinery  
  91  6:48  SCV x2  
  91  6:50  Supply Depot x2  
  91  6:52  Supply Depot  
  93  7:02  SCV x3  
  93  7:11  Armory, Marine x5  
  93  7:14  SCV x2, Refinery  
  100  7:16  SCV  
  100  7:17  Supply Depot  
  100  7:18  Supply Depot  
  101  7:26  SCV x2  
  101  7:28  SCV  
  101  7:29  Supply Depot, Marine x4  
  108  7:43  SCV  
  101  7:53  SCV  
  101  7:54  Barracks Tech Lab  
  101  7:55  SCV x2, Barracks  
  101  7:57  Barracks  
  104  7:59  Factory Reactor  
  104  8:04  Medivac x2  
  104  8:05  Marauder, Marine x2  
  112  8:06  SCV  
  112  8:11  Marine  
  112  8:12  Marauder, Marine  
  117  8:13  Marine  
  118  8:20  Supply Depot, Terran Vehicle Weapons Level 1  
  118  8:22  Marine  
  119  8:31  Marauder, Marine x2  
  119  8:32  Concussive Shells  
  123  8:36  Combat Shields  
  123  8:38  Command Center, Liberator x2  
  123  8:41  Supply Depot x2  
  123  8:42  Supply Depot  
  123  8:46  Barracks Reactor, Marine  
  123  8:47  Marauder, Marine  
  127  8:48  SCV  
  131  8:57  Missile Turret  
  131  8:59  Missile Turret x2  
  131  9:00  Widow Mine x2, Marine x3  
  131  9:01  Marauder  
  137  9:03  Barracks Reactor, Missile Turret  
  137  9:06  Terran Infantry Weapons Level 2  
  137  9:07  Missile Turret  
  137  9:09  Terran Infantry Armor Level 2  
  134  9:20  Marine x6  
  134  9:22  Marine  
  141  9:24  Missile Turret  
  141  9:28  Marine  
  144  9:38  Marauder  
  144  9:40  Medivac x2  
  144  9:44  Marine x6  
  144  9:45  Marine  
  141  10:00  Marauder  
  141  10:01  SCV  
  141  10:05  Marine x2  
  141  10:06  Marine x6  
  124  10:11  Widow Mine x2  
  124  10:13  SCV  
  129  10:21  Marine  
  128  10:23  Marine x6  
  128  10:24  Marauder, Marine  
  127  10:38  Marine  
  127  10:39  Widow Mine  
  127  10:40  Widow Mine  
  127  10:41  Marine x7  
  129  10:45  Marine  
  112  10:56  SCV, Marine  
  111  10:59  Marine x7  
  111  11:03  Marine  
  119  11:08  Widow Mine  
  121  11:12  Planetary Fortress  
  121  11:14  Marine  
  121  11:16  Marine  
  121  11:17  Marine x5  
  121  11:18  Marauder  
  130  11:21  Marauder  
  130  11:22  Widow Mine  
  134  11:32  Marine  
  135  11:34  Marine x2  
  135  11:35  SCV, Marine x4  
  135  11:38  Marine  
  135  11:39  SCV  
  140  11:42  Marauder  
  140  11:46  SCV  
  135  11:50  Marine  
  135  11:52  Marine x5  
  135  11:53  Marine  
  138  11:57  Marauder  
  138  12:00  Widow Mine  
  138  12:01  Widow Mine  
  137  12:04  Marauder  
  137  12:07  SCV  
  137  12:08  Command Center, Marauder  
  137  12:10  Marine x6  
  140  12:17  SCV  
  140  12:18  Marauder  
  145  12:25  Marauder  
  145  12:28  Marine x6  
Tags
 
Add a new tag
Caveats
  • Supply blocks, unpowered buildings, or Contaminate may cause inaccurate times.
  • Supply counts are checked every 10 seconds.